 Dungeon Crawl Stone Soup version 0.23.0 (webtiles) character file.

Game seed: 4141895580338899411

6 tidbits the Charmwright (level 1, 20/20 HPs)
             Began as a Gnoll Skald on Feb 14, 2019.
             Quit the game on level 1 of the Dungeon.
             The game lasted 00:00:46 (79 turns).

tidbits the Charmwright (Gnoll Skald)                 Turns: 79, Time: 00:00:47

Health: 20/20      AC:  3    Str: 13    XL:     1   Next: 90%
Magic:  4/6        EV: 14    Int: 13    God:
Gold:   0          SH:  0    Dex: 14    Spells: 8/9 levels left

rFire    . . .     SeeInvis .   a - +0 spear
rCold    . . .     Gourm    .   (no shield)
rNeg     + . .     Faith    .   b - +0 leather armour
rPois    .         Spirit   .   (no helmet)
rElec    .         Reflect  .   (no cloak)
rCorr    .         Harm     .   (no gloves)
MR       .....                  (no boots)
Stlth    +.........             (no amulet)
HPRegen  0.06/turn              g - ring of positive energy
MPRegen  0.10/turn              i - -2 ring of intelligence (curse)

@: no status effects
A: distributed training, fangs 1, strong nose
a: no special abilities


You were on level 1 of the Dungeon.
You were not hungry.

You visited 1 branch of the dungeon, and saw 2 of its levels.

Inventory:

Hand Weapons
 a - a +0 spear (weapon)
Missiles
 e - 23 arrows
Armour
 b - a +0 leather armour (worn)
Jewellery
 g - a ring of positive energy (left hand)
   (You found it on level 1 of the Dungeon)
 i - a cursed -2 ring of intelligence (right hand)
   (You found it on level 1 of the Dungeon)
Scrolls
 h - a scroll of remove curse {unknown}
Potions
 c - a potion of curing {unknown}
 f - a potion of degeneration {unknown}
Comestibles
 d - a ration


   Skills:
 + Level 4.4 Fighting
 + Level 0.1 Short Blades
 + Level 0.1 Long Blades
 + Level 0.1 Axes
 + Level 0.1 Maces & Flails
 + Level 4.4 Polearms
 + Level 0.1 Staves
 + Level 0.1 Slings
 + Level 0.1 Bows
 + Level 0.1 Crossbows
 + Level 0.1 Throwing
 + Level 2.4 Armour
 + Level 4.4 Dodging
 + Level 0.1 Stealth
 + Level 0.1 Shields
 + Level 0.1 Unarmed Combat
 + Level 4.9 Spellcasting
 + Level 0.1 Conjurations
 + Level 0.1 Hexes
 + Level 5.3 Charms
 + Level 0.1 Summonings
 + Level 0.1 Necromancy
 + Level 0.1 Translocations
 + Level 0.1 Transmutations
 + Level 0.1 Fire Magic
 + Level 0.1 Ice Magic
 + Level 0.1 Air Magic
 + Level 0.1 Earth Magic
 + Level 0.1 Poison Magic
 + Level 0.2 Invocations
 + Level 0.1 Evocations


You had 8 spell levels left.
You knew the following spells:

 Your Spells              Type           Power        Failure   Level  Hunger
i - Infusion              Chrm           ###.         2%          1    None

Your spell library contained the following spells:

 Spells                   Type           Power        Failure   Level  Hunger
 Song of Slaying          Chrm           ###.....     4%          2    ##.....
 Shroud of Golubria       Chrm/Tloc      ##........   12%         2    ##.....
 Regeneration             Chrm/Necr      ##........   24%         3    ###....
 Spectral Weapon          Hex/Chrm       ##......     24%         3    ###....


Dungeon Overview and Level Annotations

Branches:
Dungeon (2/15)

Altars:


Innate Abilities, Weirdness & Mutations

Your experience applies equally to all skills.
You have very sharp teeth.
Your uncanny sense of smell can sniff out nearby items.


Message History

Welcome, tidbits the Gnoll Skald.
The bosom of this dungeon contains the fabled artefact, the Orb of Zot.
Press ? for a list of commands and other information.
Found a staircase leading out of the dungeon.
Unknown command.
As you open the door, it creaks loudly!
A kobold comes into view.
The kobold shouts!
Casting: Infusion (safe; 2% risk of failure)
Confirm with . or Enter, or press ? or * to list all spells.
You begin infusing your attacks with magical energy.
Unknown command.
You barely miss the kobold. Your bite misses the kobold. You hit the kobold!
You kill the kobold!
A rat comes into view.
You open the door. 2 rats come into view.
Found a fuming purple potion.
You closely miss the rat. The rat bites you.
You hit the rat.
You kill the rat!
The rat closely misses you.
You barely miss the rat. The rat closely misses you.
You closely miss the rat. The rat misses you.
You closely miss the rat. You hit the rat.
You kill the rat!
The rat closely misses you.
You hit the rat.
You kill the rat!
A rat comes into view.
There is an open door here.
You see here a rat corpse.
Unknown command. 2 rats come into view.
Found 23 arrows and a metallic puce potion.
Unknown command.
You hit the rat!
You kill the rat!
Unknown command.
You hit the rat.
You kill the rat!
You see here a fuming purple potion.
Unknown command.
Attack whom?
Press: ? - help, Dir - move target cursor, f - rat
Aim: a rat (resting)
You reach to attack!
The helpless rat fails to defend itself.
You hit the rat.
You kill the rat!
c - a fuming purple potion Your magical infusion is running out.
You see here 23 arrows.
e - 23 arrows You see here a metallic puce potion.
f - a metallic puce potion You are no longer magically infusing your attacks.
There is an open door here.
You see here a rat corpse.
There is an open door, spattered with blood here.
You see here a kobold corpse.
A bat comes into view.
Found an iron ring.
Casting: Infusion (safe; 2% risk of failure)
Confirm with . or Enter, or press ? or * to list all spells.
You begin infusing your attacks with magical energy.
The bat misses you.
Unknown command.
You hit the bat!
You kill the bat!
Found a stone staircase leading down.
Unknown command.
You see here an iron ring.
Unknown command.
g - an iron ring Put on which piece of jewellery? (? for menu, Esc to quit)
g - a ring of positive energy (left hand)
Found a scroll labeled OTINKYGOAS and 6 sling bullets.
You see here a scroll labeled OTINKYGOAS.
h - a scroll labeled OTINKYGOAS
There is a stone staircase leading down here.
You climb downwards.
There is a stone staircase leading up here.
Unknown command.
Unknown command.
You climb upwards.
Your magical infusion is running out.
There is a stone staircase leading down here.
Unknown command.
You are no longer magically infusing your attacks.
Found a blackened opal ring.
You see here a blackened opal ring.
i - a blackened opal ring Put on which piece of jewellery? (? for menu, Esc to quit)
You feel stupid.
Oops, that ring feels deathly cold.
i - a cursed -2 ring of intelligence (right hand) Are you sure you want to abandon this character and quit the game? (Confirm with "yes".)

###.#####.>......#
#...#...######.#
#...#.#.### #.#
#.###...# #.# #.
##.#########.####.#
#.####................#
#.#..#.......###.######
.....†.......###.#
###<.#######.##.@#
#..†.### ##..#
####...## ....# ##...#
#.#.## ##..##....
##†..##.## #....# .
#....## #....#


There were no monsters in sight!

Vanquished Creatures
  A kobold (D:1)
  A bat (D:1)
  6 rats (D:1)
8 creatures vanquished.

Notes
Turn   | Place    | Note
-------+----------+-------------------------------------------
     0 | D:1      | tidbits the Gnoll Skald began the quest for the Orb.
     0 | D:1      | Reached XP level 1. HP: 20/20 MP: 6/6
    79 | D:1      | Quit the game

Action                   || total
-------------------------++-------
Melee: Spear             ||    13
 Cast: Infusion          ||     2
 Stab: Sleeping          ||     1
Dodge: Dodged            ||     5

Table legend:
 A = Turns spent in this place as a percentage of turns spent in the entire game.
 B = Non-inter-level travel turns spent in this place as a percentage of non-inter-level travel turns spent in the entire game.
 C = Inter-level travel turns spent in this place as a percentage of turns spent in this place.
 D = Turns resting spent in this place as a percentage of non-inter-level travel turns spent in this place.
 E = Turns spent auto-exploring this place as a percentage of non-inter-level travel turns spent in this place.
 F = Non-inter-level travel turns spent in this place divided by the number of levels of this place that you've seen.
                   A       B       C       D       E      F
               +-------+-------+-------+-------+-------+----------------------
         Total | 100.0 | 100.0 |   0.0 |   0.0 |   0.0 |  39.5
       Dungeon | 100.0 | 100.0 |   0.0 |   0.0 |   0.0 |  39.5
               +-------+-------+-------+-------+-------+----------------------

Table legend:
 A = Kills in this place as a percentage of kills in entire the game.
 B = Kills by you in this place as a percentage of kills by you in the entire game.
 C = Kills by friends in this place as a percentage of kills by friends in the entire game.
 D = Other kills in this place as a percentage of other kills in the entire game.
 E = Experience gained in this place as a percentage of experience gained in the entire game.
 F = Experience gained in this place divided by the number of levels of this place that you have seen.
                   A       B       C       D       E      F
               +-------+-------+-------+-------+-------+----------------------
         Total | 100.0 | 100.0 |   N/A |   N/A | 100.0 |   4.5
       Dungeon | 100.0 | 100.0 |   N/A |   N/A | 100.0 |   4.5
               +-------+-------+-------+-------+-------+----------------------

Levels and vault maps discovered:
D:1:      dpeg_arrival_ratfight, layout_loops_ring
D:2:      layout_loops_corners, dancing_weapons_uskayaw,
          yredelemnul_altar_generic, nicolae_ru_sacrificial_ziggurat,
          minmay_small_reverse_x
